 Dungeon Crawl Stone Soup version 0.27-a0-237-g52650a7530 (webtiles) character file.

Game seed: 12002420575538698925

933 ReteAZ the Ducker (level 8, -3/63 HPs)
             Began as a Gnoll Gladiator on Feb 2, 2021.
             Slain by a sky beast (5 damage)
             ... on level 6 of the Dungeon.
             The game lasted 00:12:59 (7007 turns).

ReteAZ the Ducker (Gnoll Gladiator)                 Turns: 7007, Time: 00:12:59

Health: -3/63      AC: 10    Str: 12 (13) XL:     8   Next: 11%
Magic:  12/12      EV: 12    Int:  8 (9)  God:
Gold:   284        SH:  5    Dex: 14 (15) Spells: 13/13 levels left

rFire    + . .     SeeInvis .   l - +2 whip (vamp)
rCold    + . .     Faith    .   (no shield)
rNeg     + . .     Spirit   .   y - +1 scale mail {rPois}
rPois    +         Reflect  +   c - +0 helmet
rElec    .         Harm     .   I - scarf {rC+ rF+}
rCorr    .         Rampage  .   (no gloves)
Will     .....                  s - +0 pair of boots
Stlth    +.........             H - amulet of reflection
HPRegen  0.20/turn              B - ring of positive energy
MPRegen  0.13/turn              G - ring of flight

@: flying
A: distributed training, fangs 1, strong nose
a: no special abilities


You were on level 6 of the Dungeon.
You visited 2 branches of the dungeon, and saw 7 of its levels.

You collected 284 gold pieces.

Inventory:

Hand Weapons
 a - a +0 long sword
 g - a +1 dagger of draining
 l - a +2 vampiric whip (weapon)
Missiles
 f - 2 boomerangs
 o - 6 poisoned darts
 r - 15 javelins (quivered)
Armour
 b - a +0 leather armour
 c - a +0 helmet (worn)
 s - a +0 pair of boots (worn)
 y - a +1 scale mail of poison resistance (worn)
 I - a scarf of resistance (worn)
Jewellery
 j - an uncursed amulet of faith {unknown}
 B - a ring of positive energy (left hand)
 G - a ring of flight (right hand)
 H - an amulet of reflection (around neck)
Scrolls
 e - 2 scrolls of fear {unknown}
 h - 2 scrolls of noise {unknown}
 i - a scroll of fog {unknown}
 m - 4 scrolls of remove curse {unknown}
 n - a scroll of immolation {unknown}
 q - 4 scrolls of identify {unknown}
 t - 3 scrolls of magic mapping {unknown}
 w - 3 scrolls of enchant weapon {unknown}
 x - 2 scrolls of enchant armour {unknown}
 D - 2 scrolls of teleportation {unknown}
 J - a scroll of blinking {unknown}
Potions
 z - a potion of berserk rage {unknown}
 C - a potion of curing {unknown}
 E - a potion of cancellation {unknown}
 F - a potion of lignification {unknown}
 K - a potion of might {unknown}
 L - a potion of invisibility {unknown}


   Skills:
 + Level 5.5 Fighting
 + Level 3.0 Short Blades
 + Level 7.2 Long Blades
 + Level 3.0 Axes
 + Level 3.0 Maces & Flails
 + Level 3.0 Polearms
 + Level 3.0 Staves
 + Level 3.0 Slings
 + Level 3.0 Bows
 + Level 3.0 Crossbows
 + Level 5.5 Throwing
 + Level 3.0 Armour
 + Level 7.2 Dodging
 + Level 3.0 Stealth
 + Level 3.0 Shields
 + Level 3.0 Unarmed Combat
 + Level 3.0 Spellcasting
 + Level 2.4 Conjurations
 + Level 2.4 Hexes
 + Level 2.4 Summonings
 + Level 2.4 Necromancy
 + Level 2.4 Translocations
 + Level 2.4 Transmutations
 + Level 2.4 Fire Magic
 + Level 2.4 Ice Magic
 + Level 2.4 Air Magic
 + Level 2.4 Earth Magic
 + Level 2.4 Poison Magic
 + Level 3.2 Invocations
 + Level 3.0 Evocations


You had 13 spell levels left.
You didn't know any spells.
Your spell library was empty.

Dungeon Overview and Level Annotations

Branches:
Dungeon (6/15)             Temple (1/1) D:4

Altars:
Ashenzari
Dithmenos
Elyvilon
Fedhas
Hepliaklqana
Kikubaaqudgha
Qazlal
Ru
Trog
Vehumet
Wu Jian
Xom
Yredelemnul
Zin
The Shining One

Shops:
D:5 (   D:6 [

Annotations:
D:4 2 transporters, VeinyPole's ghost, novice OpBe
D:5 Prince Ribbit


Innate Abilities, Weirdness & Mutations

Your experience applies equally to all skills.
You have very sharp teeth.
Your uncanny sense of smell can sniff out nearby items.


Message History

* * * LOW HITPOINT WARNING * * *
Throw: throwing net
Press: ? - help, Shift-Dir - straight line You throw a throwing net.
Something hits you but does no damage.
Throw: 17 javelins
Press: ? - help, Shift-Dir - straight line You throw a javelin.
Something hits you but does no damage.
You aren't carrying any items that you can evoke.
Throw: 16 javelins
Press: ? - help, Shift-Dir - straight line You throw a javelin.
Something hits you.
* * * LOW HITPOINT WARNING * * *
Something shocks you.
* * * LOW HITPOINT WARNING * * *
It was a potion of flight.
You feel very buoyant.
You fly up into the air.
Something hits you.
* * * LOW HITPOINT WARNING * * *
Something shocks you.
You die...

####### #.......
#....... #>......
#....... ### ##.....
#...#...### #....{....#
#....#@...# #....#....#
+....#....# #(..##....#
######+#########+#
..................# ....
..................#.....
..................#.....
..................#.....


There were no monsters in sight!

Vanquished Creatures
  Sigmund (D:3)
  A sky beast (D:6)
  An orc warrior (D:5)
  2 ogres
  A phantom (D:4)
  A scorpion (D:4)
  A jelly (D:5)
  An iguana (D:5)
  A worker ant (D:4)
  2 orc wizards (D:4)
  8 adders
  An ufetubus (D:5)
  2 adder skeletons
  2 worms
  3 dart slugs (D:1)
  6 leopard geckos
  9 orcs
  A ball python (D:2)
  A giant cockroach (D:2)
  10 goblins
  5 hobgoblins
  9 bats
  5 frilled lizards
  3 kobolds (D:1)
  6 rats
83 creatures vanquished.

Notes
Turn   | Place    | Note
-------+----------+-------------------------------------------
     0 | D:1      | ReteAZ the Gnoll Gladiator began the quest for the Orb.
     0 | D:1      | Reached XP level 1. HP: 20/20 MP: 1/1
   216 | D:1      | Reached XP level 2. HP: 26/26 MP: 2/2
  1193 | D:2      | Reached XP level 3. HP: 31/31 MP: 3/3
  1594 | D:2      | Reached skill level 1 in Invocations
  1917 | D:2      | Found a shadowy altar of Dithmenos.
  2020 | D:2      | Reached skill level 1 in Short Blades
  2020 | D:2      | Reached skill level 1 in Axes
  2020 | D:2      | Reached skill level 1 in Maces & Flails
  2020 | D:2      | Reached skill level 1 in Polearms
  2020 | D:2      | Reached skill level 1 in Staves
  2020 | D:2      | Reached skill level 1 in Slings
  2020 | D:2      | Reached skill level 1 in Bows
  2020 | D:2      | Reached skill level 1 in Crossbows
  2020 | D:2      | Reached skill level 1 in Armour
  2020 | D:2      | Reached skill level 1 in Stealth
  2020 | D:2      | Reached skill level 1 in Shields
  2020 | D:2      | Reached skill level 1 in Unarmed Combat
  2020 | D:2      | Reached skill level 1 in Spellcasting
  2020 | D:2      | Reached skill level 1 in Evocations
  2649 | D:3      | Reached XP level 4. HP: 28/38 MP: 5/5
  2861 | D:3      | Noticed Sigmund
  2877 | D:3      | Killed Sigmund
  2878 | D:3      | Reached skill level 1 in Conjurations
  2878 | D:3      | Reached skill level 1 in Hexes
  2878 | D:3      | Reached skill level 1 in Summonings
  2878 | D:3      | Reached skill level 1 in Necromancy
  2878 | D:3      | Reached skill level 1 in Translocations
  2878 | D:3      | Reached skill level 1 in Transmutations
  2878 | D:3      | Reached skill level 1 in Fire Magic
  2878 | D:3      | Reached skill level 1 in Ice Magic
  2878 | D:3      | Reached skill level 1 in Air Magic
  2878 | D:3      | Reached skill level 1 in Earth Magic
  2878 | D:3      | Reached skill level 1 in Poison Magic
  2878 | D:3      | Reached XP level 5. HP: 43/43 MP: 5/7
  2878 | D:3      | Reached XP level 6. HP: 50/50 MP: 5/8
  2982 | D:3      | Found a radiant altar of Vehumet.
  3425 | D:4      | Reached skill level 5 in Fighting
  3425 | D:4      | Reached skill level 5 in Throwing
  3552 | D:4      | Found a staircase to the Ecumenical Temple.
  3561 | Temple   | Entered the Ecumenical Temple
  3855 | D:4      | Found a transporter.
  3861 | D:4      | Noticed VeinyPole's ghost (novice OpBe)
  3862 | D:4      | Found a transporter.
  3917 | D:4      | Found an ornate altar of the Wu Jian Council.
  4143 | D:4      | Found a blossoming altar of Fedhas.
  4190 | D:4      | Reached XP level 7. HP: 28/56 MP: 10/10
  4868 | D:5      | Entered Level 5 of the Dungeon
  5269 | D:5      | Found Fother's Weapon Shoppe.
  5276 | D:5      | Noticed Prince Ribbit
  5853 | D:5      | Found a basalt altar of Yredelemnul.
  6587 | D:5      | Found a white marble altar of Elyvilon.
  6650 | D:6      | Reached XP level 8. HP: 62/63 MP: 12/12
  6705 | D:6      | Found Erifaban's Armour Shoppe.
  7005 | D:6      | HP: 3/63 [something (6)]
  7007 | D:6      | Slain by a sky beast

Illustrated notes

Levels and vault maps discovered:
D:1:      minmay_arrival_four_houses, layout_basic
D:2:      layout_loops_corners, lemuel_crystal_altar, minmay_tree_intersection
D:3:      layout_loops_ring, nicolae_overflow_crystal_walls,
          nicolae_overflow_hidden_temple, uniq_sigmund
D:4:      layout_cave_pools, fedhas_altar_fruit_tree, old_standard_altar,
          temple_fountains, gammafunk_ghost_smash
D:5:      layout_cave_pods, kennysheep_ying_yang, serial_shops, shop,
          uniq_prince_ribbit1
D:6:      layout_gridville, eat_drink_and_be_merry_uskayaw, serial_shops,
          nicolae_shop_waterfront, minivault_22
Temple:   compressed_dpeg_triangle_lava_temple

Skill      XL: |  1  2  3  4  5  6  7  8 |
---------------+-------------------------+-----
Invocations    | 1 2 3 |  3.2
Short Blades   | 1 2 3 |  3.0
Axes           | 1 2 3 |  3.0
Maces & Flails | 1 2 3 |  3.0
Polearms       | 1 2 3 |  3.0
Staves         | 1 2 3 |  3.0
Slings         | 1 2 3 |  3.0
Bows           | 1 2 3 |  3.0
Crossbows      | 1 2 3 |  3.0
Armour         | 1 2 3 |  3.0
Stealth        | 1 2 3 |  3.0
Shields        | 1 2 3 |  3.0
Unarmed Combat | 1 2 3 |  3.0
Spellcasting   | 1 2 3 |  3.0
Evocations     | 1 2 3 |  3.0
Conjurations   | 1 2 |  2.4
Hexes          | 1 2 |  2.4
Summonings     | 1 2 |  2.4
Necromancy     | 1 2 |  2.4
Translocations | 1 2 |  2.4
Transmutations | 1 2 |  2.4
Fire Magic     | 1 2 |  2.4
Ice Magic      | 1 2 |  2.4
Air Magic      | 1 2 |  2.4
Earth Magic    | 1 2 |  2.4
Poison Magic   | 1 2 |  2.4
Fighting       | 5 |  5.5
Throwing       | 5 |  5.5
Long Blades    | 7 |  7.2
Dodging        | 7 |  7.2

Action                   |  1- 3 |  4- 6 |  7- 9 || total
-------------------------+-------+-------+-------++-------
Melee: Long sword        |    22 |       |       ||    22
       Bite              |    16 |    22 |    27 ||    65
       Dagger            |    22 |       |       ||    22
       Whip              |    93 |   205 |   217 ||   515
       Punch             |       |       |     2 ||     2
Throw: Throwing net      |       |     1 |    11 ||    12
       Javelin           |       |       |    46 ||    46
       Dart              |       |       |     3 ||     3
  Use: Potion            |       |       |     8 ||     8
 Stab: Sleeping          |     5 |       |       ||     5
       Held in net/web   |       |     2 |     3 ||     5
Armor: Leather armour    |    25 |       |       ||    25
       Scale mail        |       |    84 |    73 ||   157
Dodge: Dodged            |   117 |   118 |    96 ||   331
Block: Other             |       |       |    25 ||    25
       Rpst.: Long sword |     5 |       |       ||     5

Table legend: (Time is in decaauts)
 A = Elapsed time spent in this place.
 B = Non-inter-level travel time spent in this place.
 C = Inter-level travel time spent in this place.
 D = Time resting spent in this place.
 E = Time spent auto-exploring this place.
 F = Levels seen in this place.
 G = Mean time per level.
                   A        B        C        D        E       F      G
               +--------+--------+--------+--------+--------+-----+--------+
         Total |   7000 |   6698 |    302 |   1327 |   4099 |   7 | 1000.0 |
       Dungeon |   6762 |   6470 |    292 |   1327 |   3875 |   6 | 1127.0 |
        Temple |    238 |    228 |     10 |      0 |    224 |   1 |  238.0 |
               +--------+--------+--------+--------+--------+-----+--------+

Top non-repeatable levels by time:
     D:4: 1704 daAuts
     D:2: 1368 daAuts
     D:5: 1298 daAuts
     D:1: 1171 daAuts
     D:3: 859 daAuts
     D:6: 360 daAuts
  Temple: 238 daAuts
